Map: Inside and Out

Players

PattyMac

  • Race: Protoss Protoss
  • Spawn Location: 7:00

Jinioh - Winner!

  • Race: Terran Terran
  • Spawn Location: 1:00

Event: DreamHack SC2 Masters 2022 Atlanta (Offline)

VOD

Have the link to the VOD?

Description

Time

  • Played on: Nov. 18, 2022, 3:20 p.m.
  • Length: 15:49

All games in this series

Show
View Real Time Build Order
Export as new Build Order

PattyMac Protoss 

Build Orders: 1 Gate Expand 

Get SALT Encoding   

  12  0:00  Probe  
  13  0:13  Probe  
  14  0:18  Pylon  
  14  0:25  Probe (Chrono Boost)  
  15  0:37  Gateway  
  15  0:38  Probe (Chrono Boost)  
  16  0:43  Probe (Chrono Boost)  
  16  0:46  Assimilator  
  17  0:52  Probe  
  18  1:01  Gateway  
  18  1:05  Probe  
  19  1:25  Cybernetics Core  
  19  1:37  Nexus  
  19  1:44  Pylon  
  19  1:46  Probe  
  20  2:01  Adept (Chrono Boost), Warp Gate  
  22  2:04  Adept (Chrono Boost), Probe  
  25  2:10  Assimilator  
  25  2:16  Probe  
  25  2:21  Adept (Chrono Boost)  
  28  2:25  Adept  
  30  2:32  Probe  
  31  2:47  Twilight Council  
  31  2:49  Probe (Chrono Boost)  
  31  2:51  Probe (Chrono Boost)  
  33  3:03  Probe (Chrono Boost)  
  33  3:04  Robotics Facility  
  35  3:06  Probe (Chrono Boost)  
  35  3:09  Probe (Chrono Boost)  
  37  3:13  Probe (Chrono Boost)  
  37  3:17  Probe  
  38  3:23  Gateway  
  38  3:24  Probe  
  39  3:29  Probe  
  40  3:37  Probe  
  39  3:41  Probe  
  39  3:44  Pylon  
  39  3:45  Pylon  
  38  3:54  Observer (Chrono Boost), Stalker  
  38  3:55  Stalker  
  39  4:01  Probe  
  38  4:12  Probe  
  38  4:13  Probe  
  40  4:18  Observer  
  40  4:19  Stalker x2  
  45  4:27  Probe (Chrono Boost)  
  45  4:28  Probe (Chrono Boost)  
  31  4:40  Probe x2 (Chrono Boost)  
  33  4:52  Probe  
  33  4:54  Probe  
  33  4:59  Stalker  
  34  5:31  Probe (Chrono Boost)  
  34  5:33  Probe (Chrono Boost)  
  36  5:41  Probe (Chrono Boost)  
  36  5:42  Probe (Chrono Boost)  
  36  5:49  Probe x2  
  36  5:54  Blink (Chrono Boost)  
  38  6:01  Probe  
  38  6:03  Probe  
  40  6:13  Probe (Chrono Boost)  
  40  6:14  Stalker  
  40  6:16  Stalker  
  43  6:21  Probe (Chrono Boost)  
  43  6:25  Probe (Chrono Boost)  
  44  6:30  Probe (Chrono Boost)  
  45  6:37  Probe  
  46  6:43  Probe  
  46  6:49  Probe  
  47  6:55  Probe  
  47  6:57  Gateway  
  47  7:00  Nexus  
  48  7:01  Probe  
  48  7:03  Pylon  
  47  7:11  Probe  
  48  7:16  Probe  
  48  7:21  Gateway  
  48  7:22  Gateway  
  47  7:24  Probe  
  48  7:32  Stalker  
  48  7:33  Sentry  
  52  7:42  Stalker  
  52  7:43  Charge (Chrono Boost)  
  54  7:45  Probe  
  55  7:51  Stalker  
  55  7:55  Probe  
  55  7:57  Probe  
  59  8:00  Gateway  
  59  8:01  Gateway  
  59  8:07  Zealot x2  
  59  8:12  Templar Archives, Probe x2  
  65  8:16  Zealot  
  64  8:24  Zealot  
  61  8:27  Probe  
  55  8:34  Observer  
  55  8:37  Zealot x2  
  59  8:44  Probe  
  59  8:45  Probe (Chrono Boost)  
  61  8:57  Probe (Chrono Boost)  
  61  9:00  Zealot  
  61  9:02  Probe (Chrono Boost)  
  66  9:03  Probe (Chrono Boost)  
  66  9:06  Probe (Chrono Boost)  
  68  9:10  Probe x2 (Chrono Boost)  
  68  9:11  Probe (Chrono Boost)  
  68  9:12  Psionic Storm  
  67  9:21  Probe  
  67  9:22  Probe  
  67  9:23  Probe  
  69  9:32  Zealot  
  69  9:33  Zealot, Probe  
  69  9:34  Probe  
  69  9:35  Probe  
  76  9:41  Zealot  
  76  9:42  High Templar  
  76  9:45  Probe  
  81  9:48  Zealot x2  
  85  9:58  Pylon x2  
  85  10:16  Pylon  
  85  10:18  Zealot x6  
  85  10:20  Pylon  
  98  10:27  Zealot x2  
  60  10:40  Pylon  
  52  10:47  Pylon  
  48  10:52  Stalker x4  
  48  10:54  Observer (Chrono Boost)  
  48  10:55  Pylon  
  57  10:58  Probe (Chrono Boost)  
  57  11:00  Probe (Chrono Boost)  
  57  11:06  Probe (Chrono Boost)  
  57  11:07  Probe (Chrono Boost)  
  58  11:17  High Templar  
  60  11:18  Probe  
  60  11:19  Zealot x2, Probe x2  
  60  11:20  Observer  
  66  11:30  Probe  
  66  11:31  Zealot x3, Probe  
  74  11:34  Assimilator  
  74  11:45  Immortal (Chrono Boost)  
  74  11:48  High Templar  
  74  11:53  Observer  
  80  11:55  Pylon  
  80  11:56  Pylon  
  80  12:02  Zealot x3  
  80  12:05  Probe x2  
  88  12:09  Pylon  
  88  12:10  Assimilator, High Templar  
  86  12:25  Warp Prism (Chrono Boost)  
  86  12:27  Probe  
  84  12:33  Probe  
  70  12:42  Probe x2  
  70  12:43  Zealot x2  
  76  12:45  Probe (Chrono Boost)  
  77  12:54  Probe (Chrono Boost), Pylon  
  77  12:56  Probe (Chrono Boost)  
  77  12:58  High Templar  
  81  13:00  High Templar  
  81  13:03  Probe (Chrono Boost)  
  84  13:10  Probe  
  84  13:11  Observer (Chrono Boost), Probe x2  
  88  13:20  Zealot x2  
  86  13:39  Probe  
  86  13:40  Zealot  
  85  13:51  Zealot  
  85  13:52  Probe  
  80  14:13  Stalker x2  
  74  14:26  Probe  
  74  14:27  Probe  
  74  14:28  Probe  
  73  14:35  High Templar  
  73  14:36  High Templar  
  70  14:39  Probe x2  
  70  14:40  Probe  
  70  14:45  Stalker  
  75  14:54  Probe x3 (Chrono Boost)  
  78  15:03  Probe x2 (Chrono Boost)  
  78  15:04  Probe (Chrono Boost)  
  81  15:10  High Templar  
  69  15:26  Zealot x5  
  74  15:30  Archon  
  74  15:34  Zealot x2  
  43  15:43  Stalker  
Show
View Real Time Build Order
Export as new Build Order

Jinioh Terran - Winner!

Build Orders: 1/1/1, Widow Mine Drop 

Get SALT Encoding   

  12  0:00  SCV  
  13  0:12  SCV  
  14  0:17  Supply Depot  
  14  0:24  SCV  
  14  0:27  Refinery  
  15  0:41  Barracks  
  15  0:43  SCV  
  16  0:56  SCV  
  17  0:57  Supply Depot  
  17  1:08  SCV  
  18  1:17  Refinery  
  18  1:20  SCV  
  19  1:28  Factory  
  19  1:29  Marine  
  20  1:42  Orbital Command  
  20  1:48  Barracks Reactor  
  20  2:08  SCV  
  20  2:11  Starport  
  21  2:19  Supply Depot  
  21  2:26  Widow Mine  
  21  2:27  SCV, Widow Mine  
  26  2:39  SCV  
  27  2:47  Medivac  
  27  2:48  Widow Mine x2  
  33  2:56  Supply Depot  
  33  2:59  Armory  
  33  3:03  SCV  
  34  3:09  Widow Mine  
  36  3:14  Widow Mine  
  36  3:15  SCV  
  39  3:22  Supply Depot  
  39  3:26  Medivac  
  41  3:33  Widow Mine  
  43  3:40  Widow Mine  
  43  3:41  SCV  
  41  3:53  SCV  
  41  3:54  Widow Mine  
  44  4:02  Widow Mine  
  46  4:10  Starport Tech Lab  
  46  4:11  SCV  
  47  4:24  Command Center  
  47  4:27  SCV  
  46  4:45  Supply Depot, SCV  
  39  4:46  Barracks  
  39  4:48  Factory Tech Lab  
  38  4:54  Banshee  
  38  4:59  Marine  
  40  5:01  Bunker  
  40  5:03  Marine  
  42  5:09  Siege Tank  
  43  5:17  Marine  
  43  5:20  Marine  
  29  5:36  Marine  
  29  5:38  Marine  
  30  5:49  Raven  
  30  5:54  SCV  
  33  5:58  Marine  
  34  6:07  Orbital Command  
  34  6:09  SCV  
  35  6:13  Marine  
  35  6:15  Marine  
  37  6:23  Siege Tank  
  37  6:27  SCV  
  37  6:28  Marine  
  39  6:33  Marine  
  39  6:38  SCV  
  41  6:43  Marine  
  41  6:44  SCV, Orbital Command  
  43  6:48  Liberator  
  46  6:56  SCV  
  46  6:58  Marine x2  
  46  7:01  Supply Depot  
  49  7:08  SCV  
  50  7:10  SCV  
  50  7:13  Siege Tank  
  54  7:16  Barracks  
  54  7:20  SCV  
  54  7:21  Marine  
  54  7:22  SCV  
  57  7:24  Marine  
  59  7:32  SCV  
  59  7:34  SCV  
  60  7:40  Starport Reactor  
  60  7:41  Refinery  
  60  7:44  SCV, Marine  
  59  7:46  SCV, Marine  
  63  7:53  Supply Depot  
  63  7:56  SCV  
  64  7:58  SCV  
  64  8:02  Factory Reactor, Marine  
  66  8:07  Marine  
  66  8:08  SCV  
  66  8:10  SCV  
  69  8:15  Stimpack  
  69  8:20  SCV  
  69  8:22  SCV  
  71  8:29  Supply Depot x2  
  71  8:30  Engineering Bay  
  71  8:33  SCV  
  69  8:35  SCV  
  64  8:41  Combat Shield, Marine x2  
  64  8:43  Refinery  
  64  8:44  Marine x2  
  64  8:45  SCV  
  68  8:48  SCV  
  68  8:52  Widow Mine  
  68  8:54  Widow Mine  
  73  8:57  SCV  
  73  8:59  Medivac, Marine x2  
  73  9:00  Medivac  
  73  9:02  Marine x2  
  82  9:06  Terran Infantry Weapons Level 1  
  82  9:07  SCV  
  83  9:10  Supply Depot  
  83  9:12  SCV  
  83  9:15  Widow Mine  
  88  9:17  Widow Mine, Marine x2  
  88  9:20  Marine x2  
  88  9:23  SCV  
  90  9:33  SCV  
  90  9:34  Marine  
  90  9:35  Marine  
  90  9:36  Medivac x2  
  90  9:38  Marine x2  
  99  9:44  Widow Mine x2  
  101  9:45  SCV  
  101  9:52  Marine x2  
  100  9:55  SCV, Marine x2  
  103  10:10  Marine x2  
  103  10:13  Marine x2  
  107  10:28  Marine x2  
  89  10:31  Marine x2  
  61  10:37  SCV  
  61  10:38  SCV  
  59  10:46  Marine x2  
  59  10:47  Widow Mine x2  
  59  10:49  SCV, Marine x2  
  62  10:50  SCV  
  62  10:51  Medivac x2  
  67  11:04  Marine x2  
  68  11:05  SCV  
  68  11:07  Marine x2  
  68  11:10  Command Center  
  67  11:21  Medivac x2, Marine x2  
  67  11:25  Marauder  
  72  11:26  Barracks  
  72  11:27  SCV  
  72  11:28  Barracks  
  72  11:29  Marauder  
  72  11:31  SCV  
  76  11:39  SCV  
  77  11:41  Marine  
  77  11:42  Marine  
  77  11:43  SCV  
  77  11:44  Terran Infantry Armor Level 1  
  77  11:46  Marauder  
  80  11:51  SCV, Marauder  
  83  11:55  SCV  
  83  11:59  Marine  
  83  12:00  Widow Mine, Marine  
  88  12:03  SCV, Widow Mine  
  88  12:07  SCV, Marine  
  93  12:12  Marine  
  93  12:13  Supply Depot  
  93  12:15  SCV  
  96  12:19  SCV, Marine  
  98  12:23  Barracks Reactor, Supply Depot, Barracks Tech Lab  
  98  12:27  SCV  
  96  12:31  SCV  
  95  12:39  SCV  
  95  12:40  Marauder x2, Marine x2  
  95  12:43  SCV  
  103  12:44  Marauder  
  102  12:51  SCV  
  102  12:56  Missile Turret  
  102  12:57  Bunker  
  102  12:58  Marine  
  104  13:04  Marauder  
  104  13:05  Bunker, Marine  
  106  13:10  Marine  
  106  13:11  SCV  
  111  13:13  Marauder  
  111  13:17  Orbital Command  
  111  13:21  Marine  
  111  13:38  SCV  
  111  13:39  Marauder, Marine x2  
  111  13:40  Marauder, Marine  
  111  13:41  Marauder  
  116  13:46  Marine  
  107  13:49  SCV  
  108  13:56  Marine  
  108  13:57  Marine  
  108  13:58  Marine  
  108  14:00  Marauder  
  108  14:01  Marauder  
  114  14:07  Marauder, Marine  
  112  14:14  Marine  
  113  14:22  Marauder  
  113  14:23  Marauder  
  102  14:28  Marine  
  102  14:29  Marauder, Marine x2  
  102  14:30  SCV  
  104  14:32  SCV, Marine  
  104  14:40  Missile Turret  
  104  14:43  SCV, Marine  
  104  14:44  Marauder  
  106  14:46  SCV, Marine  
  106  14:47  Missile Turret, Marine x2  
  106  14:50  Marauder  
  106  14:51  SCV  
  113  14:53  Medivac  
  113  14:56  Medivac  
  113  14:57  Marine  
  118  15:03  SCV  
  118  15:06  Marauder  
  123  15:07  Marauder  
  123  15:08  Marine  
  123  15:11  SCV  
  126  15:18  Marine  
  126  15:19  Marauder  
  108  15:24  SCV, Marine  
  108  15:27  Marauder  
Tags
 
Add a new tag
Caveats
  • Supply blocks, unpowered buildings, or Contaminate may cause inaccurate times.
  • Supply counts are checked every 10 seconds.